 Dungeon Crawl Stone Soup version 0.17-a0-1760-ga6756ae (webtiles) character file.

582 Leibowitz the Shield-Bearer (level 6, 0/52 HPs)
             Began as a Demigod Fighter on Sept 3, 2015.
             Slain by a kobold
             ... wielding a +0 club
              (1 damage)
             ... while paralysed by Grinder
             ... in a sewer.
             The game lasted 00:11:42 (3078 turns).

Leibowitz the Shield-Bearer (Demigod Fighter)       Turns: 3078, Time: 00:11:42

Health: 0/52       AC:  5    Str: 26    XL:     6   Next: 90%
Magic:  8/8        EV:  2    Int: 17    God:
Gold:   132        SH:  0    Dex: 26    Spells: 0 memorised, 5 levels left

rFire  . . .     SeeInvis .     a - +0 long sword
rCold  + . .     Clarity  .     x - +1 leather armour {rC+}
rNeg   . . .     SustAt   +     c - +0 shield
rPois  .         Gourm    .     (no helmet)
rElec  .         Spirit   .     t - +0 cloak
rCorr  .         Warding  .     (no gloves)
rMut   .         Stasis   .     (no boots)
MR     .....                    (no amulet)
Stlth  +++.......               (no ring)
                                (no ring)

@: paralysed, mighty, brilliant, agile, not resistant to hostile enchantments,
fairly stealthy
A: agile 2, blurry vision 1, high mp 1, sustain attributes
a: no special abilities


You were in a sewer.
You were hungry.

You visited 1 branch of the dungeon, and saw 3 of its levels.
You also visited: Sewer.

You collected 132 gold pieces.

Inventory:

Hand weapons
 a - a +0 long sword (weapon)
 i - a +0 blowgun
 v - a +2 dagger of venom
Missiles
 p - 49 poisoned needles
Armour
 c - a +0 shield (worn)
 t - a +0 cloak (worn)
 x - a +1 leather armour of cold resistance (worn)
Scrolls
 f - 4 scrolls of teleportation {unknown}
 l - a scroll of enchant armour {unknown}
 o - 3 scrolls of identify {unknown}
 q - a scroll of immolation {unknown}
Potions
 g - a potion of cancellation
 u - a potion of agility
 w - a potion of brilliance
Comestibles
 e - 3 bread rations
 j - a beef jerky
 k - a slice of pizza
 m - a meat ration


   Skills:
 + Level 3.9 Fighting
 + Level 2.9 Long Blades
 + Level 4.1 Armour
 + Level 3.0 Dodging
 + Level 0.8 Stealth
 + Level 4.4 Shields


You had 5 spell levels left.
You didn't know any spells.

Dungeon Overview and Level Annotations

Branches:
Dungeon (3/15)

Annotations:
Sewer Grinder


Innate Abilities, Weirdness & Mutations

You have an increased reservoir of magic (+10% MP).
Your attributes are resistant to harm.
You are very agile. (Dex +4)
Scrolls take you a little longer to read.


Message History

Grinder blinks!
You closely miss the kobold. The kobold hits you but does no damage.
You completely miss the kobold.
You are starting to lose your buoyancy.
You block the kobold's attack. Grinder closely misses you.
You barely miss the kobold. You block the kobold's attack.
Grinder gestures at you.
You suddenly lose the ability to move!
The kobold hits you but does no damage. Grinder hits you!
You writhe in agony.
* * * LOW HITPOINT WARNING * * *
The kobold hits you but does no damage. Grinder hits you.
* * * LOW HITPOINT WARNING * * *
You writhe in agony.
* * * LOW HITPOINT WARNING * * *
The kobold hits you but does no damage. Grinder gestures at you.
Pain shoots through your body!
* * * LOW HITPOINT WARNING * * *
You float gracefully downwards.
The kobold hits you with a club.
You die...

#.[.# ##...## #.....#
#.≈≈§.# #.....# ##'''##
#### ##.).#######
###..)##.§)§.##..§###
#!..≈K@5..(...'.≈...###
∩!/..≈.'.§._.§.'.≈§§..∩#
##!..≈.'....(.('.≈...###
###...##..§..##(..### ####
##...#######
#############)############
#≈≈.#≈≈≈≈≈≈#(..#≈≈≈≈≈≈#.≈≈
#≈≈..≈≈≈)≈≈÷....≈≈..≈(...≈
#≈≈.#......#.≈≈#.....)#.≈≈


You could see Grinder and a kobold.

Vanquished Creatures
  A kobold demonologist (Sewer)
  2 big kobolds (Sewer)
  2 big kobold zombies (Sewer)
  3 gnolls (D:3)
  4 adders
  2 shadow imps (Sewer)
  2 ufetubi (Sewer)
  3 oozes
  A giant gecko (D:1)
  4 bats
  A bat zombie (Sewer)
  2 goblins
  3 hobgoblins
  5 giant cockroaches
  5 giant newts
  18 kobolds
  4 rats
62 creatures vanquished.

Vanquished Creatures (others)
  A kobold zombie (Sewer)
1 creature vanquished.

Grand Total: 63 creatures vanquished

Notes
Turn   | Place    | Note
--------------------------------------------------------------
     0 | D:1      | Leibowitz the Demigod Fighter began the quest for the Orb.
     0 | D:1      | Reached XP level 1. HP: 18/18 MP: 3/3
   523 | D:1      | Reached skill level 3 in Fighting
   523 | D:1      | Reached XP level 2. HP: 20/26 MP: 4/4
  1509 | D:2      | Reached XP level 3. HP: 31/31 MP: 5/5
  1583 | D:2      | Found a deep blue altar of Sif Muna.
  1831 | D:3      | Found a glowing drain.
  1839 | Sewer    | Entered a sewer
  1906 | Sewer    | Reached XP level 4. HP: 33/38 MP: 6/6
  2272 | Sewer    | Found a burning altar of Makhleb.
  2272 | Sewer    | Noticed a big kobold
  2282 | Sewer    | Reached skill level 1 in Dodging
  2311 | Sewer    | Killed a big kobold
  2311 | Sewer    | Reached XP level 5. HP: 35/45 MP: 7/7
  2383 | Sewer    | Noticed a big kobold
  2441 | Sewer    | Killed a big kobold
  2705 | Sewer    | Noticed an apprentice kobold demonologist
  2728 | Sewer    | Killed an apprentice kobold demonologist
  2728 | Sewer    | Reached skill level 4 in Armour
  2728 | Sewer    | Reached XP level 6. HP: 15/52 MP: 8/8
  3038 | Sewer    | Gained mutation: You are agile. (Dex +2) [potion of mutation]
  3038 | Sewer    | Gained mutation: Scrolls take you a little longer to read. [potion of mutation]
  3038 | Sewer    | Gained mutation: You are very agile. (Dex +4) [potion of mutation]
  3058 | Sewer    | Noticed Grinder
  3067 | Sewer    | Paralysed by Grinder for 4 turns
  3074 | Sewer    | Paralysed by Grinder for 7 turns
  3077 | Sewer    | HP: 1/52 [Grinder/nerve-wracking pain (4)]
  3078 | Sewer    | Slain by a kobold

Vault maps used:
D:1:      sevenhm_arrival_forest_fort_small_5
D:2:      led_sif_pool
D:3:      lightli_sewer_entry_pipes, roderic_lattice_a
Sewer:    kennysheep_sewer_church

Action                   |  1- 3 |  4- 6 || total
-------------------------+-------+-------++-------
Melee: Long sword        |   123 |   184 ||   307
       Dagger            |       |    13 ||    13
  Use: Potion            |       |    10 ||    10
  Eat: Chunk             |     3 |     4 ||     7
